 Dungeon Crawl Stone Soup version 0.22-b1-21-g5cfc1688f2 (webtiles) character file.

20958 Jorund the Earth Mage (level 13, -2/79 HPs)
             Began as a Formicid Earth Elementalist on Aug 7, 2018.
             Was an Elder of Vehumet.
             Slain by a redback (6 damage)
             ... on level 4 of the Lair of Beasts.
             The game lasted 00:38:55 (13878 turns).

Jorund the Earth Mage (FoEE)                       Turns: 13878, Time: 00:38:56

Health: -2/79      AC:  6    Str: 13    XL:     13   Next: 16%
Magic:  28/31      EV: 12    Int: 20    God:    Vehumet [****..]
Gold:   809        SH:  0    Dex: 11    Spells: 19/40 levels left

rFire    + . .     SeeInvis +   q - +5 dagger (venom)
rCold    . . .     Gourm    .   (no shield)
rNeg     + . .     Faith    .   v - +2 robe {MR+}
rPois    +         Spirit   .   (helmet unavailable)
rElec    .         Reflect  .   I - scarf {repulsion}
rCorr    .         Harm     .   (no gloves)
MR       ++...                  (no boots)
Stlth    ++........             (no amulet)
HPRegen  0.23/turn              k - ring of protection from fire
MPRegen  0.22/turn              m - ring of positive energy

@: lethally poisoned (-2 -> -40), repel missiles
A: permanent stasis, dig shafts and tunnels, four strong arms, antennae 3,
iridescent scales 1, poison resistance
a: Dig, Shaft Self, Renounce Religion


You were on level 4 of the Lair of Beasts.
You worshipped Vehumet.
Vehumet was greatly pleased with you.
You were not hungry.

You visited 3 branches of the dungeon, and saw 17 of its levels.

You collected 809 gold pieces.

Inventory:

Hand Weapons
 q - a +5 dagger of venom (weapon)
 D - a +0 dagger of holy wrath
 H - a +2 glaive of flaming
Missiles
 b - 192 stones (quivered)
 j - 20 poisoned needles
 E - 6 curare-tipped needles
Armour
 n - a +0 shield
 v - a +2 robe of magic resistance (worn)
 z - a +1 cloak
 I - a scarf of repulsion (worn)
 M - a +1 ring mail of cold resistance
Magical Staves
 y - an uncursed staff of air
Jewellery
 c - an uncursed ring of fire
 k - a ring of protection from fire (left hand)
 m - a ring of positive energy (right hand)
 x - an uncursed amulet of guardian spirit
 P - an uncursed ring of protection from fire
Wands
 g - a wand of iceblast (17)
 A - a wand of random effects (114)
 F - a wand of acid (8)
 K - a wand of flame (41)
 L - a wand of paralysis (42)
 O - a wand of disintegration (11)
Scrolls
 f - 6 scrolls of amnesia
 i - 2 scrolls of enchant weapon
 o - 2 scrolls of immolation
 p - 5 scrolls of remove curse
 w - a scroll of torment {unknown}
 N - 2 scrolls of identify
Potions
 a - 7 potions of curing
 e - 2 potions of flight
 h - 2 potions of agility
 l - 3 potions of ambrosia
 r - 3 potions of might
 s - a potion of lignification {unknown}
 t - 2 potions of brilliance
 u - 2 potions of heal wounds
 B - a potion of invisibility {unknown}
 C - a potion of magic {unknown}
 J - a potion of cancellation {unknown}
Comestibles
 d - 26 rations
 G - 2 chunks of flesh


   Skills:
 + Level 4.6 Short Blades
 - Level 1.7 Dodging
 - Level 2.4 Stealth
 + Level 14.2 Spellcasting
 + Level 4.3 Conjurations
 - Level 1.1 Transmutations
 + Level 15.5 Earth Magic


You had 19 spell levels left.
You knew the following spells:

 Your Spells              Type           Power        Failure   Level  Hunger
a - Sandblast             Erth           ######       0%          1    None
b - Passwall              Tmut/Erth      #####...     1%          2    None
c - Stone Arrow           Conj/Erth      ######       1%          3    None
d - Lee's Rapid Deconstr  Erth           ######....   1%          5    ###....
e - Petrify               Tmut/Erth      #####...     1%          4    None
f - Mephitic Cloud        Conj/Pois/Air  ###.....     2%          3    None
g - Conjure Flame         Conj/Fire      ###.....     1%          3    None

Your spell library contained the following spells:

 Spells                   Type           Power        Failure   Level  Hunger
 Cause Fear               Hex            ##........   41%         4    None
 Magic Dart               Conj           ####         1%          1    None
 Slow                     Hex            ##......     7%          2    None
 Confuse                  Hex            ##......     14%         3    None
 Summon Small Mammal      Summ           ##..         4%          1    None
 Blink                    Tloc           N/A          7%          2    None
 Summon Ice Beast         Ice/Summ       ##......     41%         4    None
 Call Imp                 Summ           ##......     7%          2    None
 Spider Form              Tmut/Pois      ###.......   11%         3    None
 Blade Hands              Tmut           ###.......   63%         5    ###....
 Ice Form                 Ice/Tmut       ###.....     34%         4    None
 Confusing Touch          Hex            ##....       4%          1    None
 Sticks to Snakes         Tmut           ###.....     4%          2    None
 Call Canine Familiar     Summ           ##......     14%         3    None
 Metabolic Englaciation   Hex/Ice        ##........   77%         5    ###....
 Corona                   Hex            ##.....      4%          1    None
 Portal Projectile        Hex/Tloc       ##....       14%         3    None
 Leda's Liquefaction      Hex/Erth       #####.....   1%          4    None
 Inner Flame              Hex/Fire       ##......     4%          3    None
 Beastly Appendage        Tmut           ###...       3%          1    None
 Summon Lightning Spire   Summ/Air       ##......     41%         4    None
 Summon Guardian Golem    Hex/Summ       ##......     14%         3    None
 Gell's Gravitas          Tloc           ##........   14%         3    None
 Yara's Violent Unravell  Hex/Tmut       ###.......   24%         5    ###....


Dungeon Overview and Level Annotations

Branches:
Dungeon (12/15)            Temple (1/1) D:6            Lair (4/6) D:9
  Swamp (0/4) Lair:2
  Snake: Lair:2-4    Spider: Lair:2-4       Orc: D:9-12

Altars:
Ashenzari
Elyvilon
Gozag
Hepliaklqana
Kikubaaqudgha
Makhleb
Nemelex Xobeh
Okawaru
Qazlal
Ru
Sif Muna
Trog
Uskayaw
Vehumet
Wu Jian
Xom
Yredelemnul
Zin


Innate Abilities, Weirdness & Mutations

You cannot be hasted, slowed, berserked, paralysed or teleported.
You can dig through walls and to a lower floor.
Your four strong arms can wield two-handed weapons with a shield.
You have a pair of large antennae on your head. (SInv)
You are partially covered in iridescent scales. (AC +2)
Your system is resistant to poisons. (rPois)


Message History

The redback bites you!
* * * LOW HITPOINT WARNING * * *
You are lethally poisoned!
The redback poisons you!
A jumping spider comes into view.
Okay, then.
Okay, then.
You feel better.
The jumping spider hisses angrily.
The redback bites you but does no damage.
The redback bites you.
* * * LOW HITPOINT WARNING * * *
Unknown command.
The web tears apart.
The redback bites you but does no damage.
The redback bites you!
* * * LOW HITPOINT WARNING * * *
You are lethally poisoned!
The redback poisons you! The redback bites you.
You die...

### # ##### #.#####
##P..###########.P#..#
#.....................
#..........<..........
#.....................
#.......#########>....
#......## { ##....
#.##s@## { #..##
###.#s# #.P## ##.s#
#.P# #..≈ ...≈.
##..≈.. #####.# #. #.


You could see a jumping spider and 2 redbacks.

Vanquished Creatures
  Gastronok (D:9)
  2 two-headed ogres
  2 unseen horrors
  An ugly thing (D:11)
  A black mamba (Lair:3)
  Psyche (D:8)
  6 spiny frogs
  A rime drake (Lair:3)
  6 komodo dragons
  2 trolls
  A jumping spider (Lair:4)
  2 hornets (D:9)
  2 meliai zombies
  4 redbacks (Lair:4)
  4 hippogriffs
  13 yaks
  2 wyverns
  A basilisk (Lair:1)
  2 hungry ghosts
  A soldier ant (D:9)
  3 water moccasins
  5 porcupines
  4 ice beasts
  A hornet zombie (D:9)
  4 orc warriors
  2 black bears
  A necrophage (D:6)
  2 phantoms
  9 ogres
  3 centaurs
  2 big kobolds (D:10)
  4 crocodiles
  11 bullfrogs
  Blork the orc (D:4)
  2 water moccasin zombies
  4 scorpions
  8 killer bees
  An electric eel (Lair:2)
  A wight (D:6)
  A centaur zombie (D:10)
  2 crimson imps
  A quasit (D:11)
  4 jellies
  Crazy Yiuf (D:5)
  8 hounds
  13 orc wizards
  11 orc priests
  Jessica (D:3)
  A bullfrog skeleton (D:5)
  3 iguanas
  Ijyb (D:5)
  18 worker ants
  2 hound skeletons
  A howler monkey zombie (D:9)
  2 worker ant zombies
  12 adders
  4 gnolls
  5 shadow imps
  An ooze (D:4)
  2 adder skeletons
  2 dart slugs
  6 leopard geckos
  54 orcs
  6 giant cockroaches
  10 goblins
  9 hobgoblins
  12 jackals
  10 quokkas
  4 ball pythons
  6 bats
  6 frilled lizards
  A giant cockroach zombie (D:5)
  A jackal skeleton (D:4)
  A jackal zombie (D:6)
  25 kobolds
  14 rats
384 creatures vanquished.

Vanquished Creatures (others)
  An orc (D:4)
1 creature vanquished.

Grand Total: 385 creatures vanquished

Notes
Turn   | Place    | Note
-------+----------+-------------------------------------------
     0 | D:1      | Jorund the Formicid Earth Elementalist began the quest for the Orb.
     0 | D:1      | Reached XP level 1. HP: 13/13 MP: 3/3
   158 | D:1      | Reached skill level 4 in Earth Magic
   158 | D:1      | Reached XP level 2. HP: 19/19 MP: 1/5
   267 | D:1      | Reached XP level 3. HP: 24/24 MP: 5/7
  1108 | D:2      | Learned a level 2 spell: Passwall
  1112 | D:2      | Learned a level 3 spell: Stone Arrow
  1115 | D:2      | Gained mutation: Your system is resistant to poisons. (rPois) [potion of mutation]
  1115 | D:2      | Gained mutation: You are partially covered in iridescent scales. (AC +2) [potion of mutation]
  1146 | D:2      | Reached XP level 4. HP: 27/30 MP: 6/8
  1294 | D:2      | Reached skill level 5 in Earth Magic
  1829 | D:2      | Found an iron altar of Okawaru.
  2032 | D:3      | Noticed an angel
  2114 | D:3      | Reached XP level 5. HP: 24/35 MP: 10/10
  2294 | D:3      | Found a glowing silver altar of Zin.
  2296 | D:3      | Found a shimmering altar of Xom.
  2342 | D:3      | Noticed Jessica
  2346 | D:3      | Killed Jessica
  2436 | D:3      | Found an iron altar of Okawaru.
  3024 | D:4      | Reached XP level 6. HP: 34/41 MP: 8/12
  3033 | D:4      | Reached skill level 6 in Earth Magic
  3180 | D:4      | Reached skill level 1 in Short Blades
  3255 | D:4      | Noticed an ogre
  3410 | D:4      | Killed an ogre
  3410 | D:4      | Reached XP level 7. HP: 46/46 MP: 2/14
  3423 | D:4      | Found a white marble altar of Elyvilon.
  3496 | D:4      | Reached skill level 1 in Conjurations
  3607 | D:4      | Reached skill level 5 in Spellcasting
  3790 | D:4      | Reached skill level 7 in Earth Magic
  3807 | D:4      | Noticed Blork the orc
  3813 | D:4      | Killed Blork the orc
  4022 | D:5      | Entered Level 5 of the Dungeon
  4110 | D:5      | Reached XP level 8. HP: 52/52 MP: 6/16
  4623 | D:5      | Noticed Ijyb
  4626 | D:5      | Killed Ijyb
  4626 | D:5      | Reached skill level 8 in Earth Magic
  4970 | D:5      | Found a runed door.
  5001 | D:5      | Noticed Crazy Yiuf
  5004 | D:5      | Killed Crazy Yiuf
  5116 | D:6      | Reached XP level 9. HP: 57/57 MP: 11/20
  5126 | D:6      | Learned a level 5 spell: Lee's Rapid Deconstruction
  5131 | D:6      | Learned a level 4 spell: Petrify
  5135 | D:6      | Learned a level 3 spell: Mephitic Cloud
  5139 | D:6      | Learned a level 3 spell: Conjure Flame
  5276 | D:6      | Found a hazy altar of Hepliaklqana.
  5358 | D:6      | Reached skill level 9 in Earth Magic
  5673 | D:6      | Found a staircase to the Ecumenical Temple.
  5714 | Temple   | Entered the Ecumenical Temple
  5738 | Temple   | Became a worshipper of Vehumet
  6527 | D:7      | Found a stormy altar of Qazlal.
  6736 | D:7      | Reached skill level 10 in Earth Magic
  6803 | D:7      | Reached * piety under Vehumet
  6803 | D:7      | Offered knowledge of Flame Tongue by Vehumet.
  6951 | D:8      | Reached XP level 10. HP: 63/63 MP: 23/23
  6999 | D:8      | Noticed Psyche
  7002 | D:8      | Killed Psyche
  7386 | D:8      | Reached skill level 10 in Spellcasting
  7449 | D:8      | Reached skill level 11 in Earth Magic
  7642 | D:8      | Noticed a two-headed ogre
  7650 | D:8      | Killed a two-headed ogre
  7663 | D:8      | Offered knowledge of Sting by Vehumet.
  7674 | D:8      | Reached ** piety under Vehumet
  7679 | D:8      | Found an ornate altar of the Wu Jian Council.
  8170 | D:8      | Found a deep blue altar of Sif Muna.
  8500 | D:9      | Noticed Gastronok
  8611 | D:9      | Found a staircase to the Lair.
  8809 | D:9      | Noticed an unseen horror
  8812 | D:9      | Killed an unseen horror
  8812 | D:9      | Reached XP level 11. HP: 57/68 MP: 9/26
  9145 | D:9      | Killed Gastronok
  9145 | D:9      | Reached skill level 12 in Earth Magic
  9382 | D:10     | Entered Level 10 of the Dungeon
  9529 | D:10     | Noticed a two-headed ogre
  9534 | D:10     | Killed a two-headed ogre
  9534 | D:10     | Reached skill level 13 in Earth Magic
  9682 | D:10     | Offered knowledge of Throw Flame by Vehumet.
  9731 | D:10     | Reached *** piety under Vehumet
  9879 | D:10     | Offered knowledge of Fulminant Prism by Vehumet.
 10588 | D:11     | Reached XP level 12. HP: 74/74 MP: 17/28
 10648 | D:11     | Noticed an unseen horror
 10654 | D:11     | Killed an unseen horror
 10673 | D:11     | Reached **** piety under Vehumet
 11217 | Lair:1   | Entered Level 1 of the Lair of Beasts
 11350 | Lair:1   | Offered knowledge of Irradiate by Vehumet.
 11350 | Lair:1   | Reached skill level 14 in Earth Magic
 12461 | Lair:2   | Found a staircase to the Swamp.
 13239 | Lair:3   | Reached skill level 15 in Earth Magic
 13587 | Lair:4   | Reached XP level 13. HP: 54/79 MP: 16/30
 13878 | Lair:4   | Slain by a redback

Skill      XL: |  1  2  3  4  5  6  7  8  9 10 11 12 13 |
---------------+----------------------------------------+-----
Earth Magic    | 4 5 6 7 8 10 11 13 15 | 15.5
Spellcasting   | 3 4 5 7 9 11 12 13 14 | 14.2
Short Blades   | 1 2 3 4 |  4.6
Conjurations   | 1 2 3 4 |  4.3
Dodging        | |  1.7
Stealth        | |  2.4
Transmutations | |  1.1

Action                   |  1- 3 |  4- 6 |  7- 9 | 10-12 | 13-15 || total
-------------------------+-------+-------+-------+-------+-------++-------
Melee: Unarmed           |    17 |       |       |       |       ||    17
       Short sword       |    76 |   123 |       |       |       ||   199
       Dagger            |       |    42 |   117 |   115 |       ||   274
 Cast: Sandblast         |    27 |    26 |    96 |   146 |    31 ||   326
       Stone Arrow       |       |    11 |    57 |    59 |     1 ||   128
       Mephitic Cloud    |       |       |     2 |     4 |       ||     6
       Lee's Rapid Decon |       |       |       |    57 |     3 ||    60
Evoke: Wand              |       |       |     1 |    13 |       ||    14
  Use: Scroll            |     4 |     4 |    12 |     8 |       ||    28
       Potion            |     1 |       |       |       |     2 ||     3
 Stab: Sleeping          |       |     6 |     3 |     1 |       ||    10
  Eat: Chunk             |     1 |     8 |    13 |    27 |       ||    49
       Ration            |       |       |       |     2 |       ||     2
Armor: Robe              |    14 |    54 |    22 |    27 |     7 ||   124
Dodge: Dodged            |    59 |    99 |    72 |    92 |     4 ||   326
       Deflected         |       |       |       |     3 |       ||     3
